Map: 16 bits EC

Players

HoldTheDoor - Winner!

  • Race: Protoss Protoss
  • League: Diamond
  • Spawn Location: 7:00

УбийцаГероев

  • Race: Protoss Protoss
  • Spawn Location: 1:00

VOD

Have the link to the VOD?

Description

Time

  • Played on: July 2, 2018, 12:50 p.m.
  • Length: 15:10
Show
View Real Time Build Order
Export as new Build Order

HoldTheDoor Protoss - Winner!

Build Orders:  

Get SALT Encoding   

  12  0:01  Probe  
  13  0:13  Probe  
  14  0:21  Pylon  
  14  0:25  Probe  
  15  0:37  Probe  
  15  0:40  Gateway  
  16  0:46  Assimilator, Probe  
  17  0:54  Probe  
  17  0:58  Assimilator  
  18  1:05  Probe  
  19  1:17  Probe  
  20  1:27  Cybernetics Core  
  20  1:30  Probe  
  21  1:35  Pylon  
  21  1:50  Probe  
  22  2:03  Stalker  
  22  2:05  Warp Gate  
  24  2:15  Stargate  
  24  2:23  Nexus  
  24  2:32  Pylon  
  24  2:38  Probe, Pylon  
  25  2:47  Stalker  
  25  2:50  Probe  
  28  3:03  Probe  
  29  3:15  Probe  
  30  3:21  Stalker  
  30  3:23  Void Ray  
  36  3:27  Probe  
  36  3:33  Shield Battery  
  37  3:36  Probe  
  37  3:40  Probe  
  39  3:56  Void Ray  
  39  3:57  Probe x2  
  39  3:58  Protoss Air Weapons Level 1  
  39  4:01  Pylon  
  41  4:09  Probe  
  46  4:13  Assimilator, Probe  
  46  4:14  Assimilator  
  47  4:25  Stalker  
  47  4:27  Probe  
  47  4:30  Probe  
  51  4:38  Pylon  
  51  4:39  Void Ray, Probe  
  56  4:47  Probe  
  56  4:52  Probe  
  54  5:00  Stalker  
  56  5:09  Probe  
  57  5:21  Fleet Beacon  
  57  5:23  Probe, Pylon  
  57  5:25  Probe  
  59  5:32  Void Ray  
  64  5:35  Probe  
  64  5:38  Stalker  
  66  5:45  Shield Battery  
  66  5:46  Probe  
  66  5:47  Probe  
  68  5:57  Stargate  
  68  5:59  Probe  
  68  6:00  Pylon  
  69  6:05  Graviton Catapult  
  69  6:07  Probe  
  69  6:11  Probe, Carrier  
  71  6:15  Gateway  
  71  6:17  Forge  
  71  6:18  Cybernetics Core  
  77  6:34  Probe x2  
  79  6:40  Pylon, Carrier  
  83  7:07  Stalker  
  85  7:15  Gateway  
  85  7:18  Pylon  
  85  7:23  Carrier  
  85  7:24  Protoss Air Weapons Level 2  
  85  7:29  Protoss Air Armor Level 1  
  85  7:33  Pylon  
  85  7:40  Zealot x2  
  95  8:02  Protoss Ground Weapons Level 1  
  91  8:10  Stalker x2  
  95  8:19  Gateway  
  95  8:26  Pylon  
  95  8:33  Zealot x2  
  99  8:34  Zealot  
  99  8:38  Pylon  
  101  8:46  Pylon  
  101  8:47  Gateway  
  101  8:56  Stalker x3  
  107  9:18  Carrier  
  119  9:29  Photon Cannon  
  96  9:57  Photon Cannon  
  94  10:08  Photon Cannon  
  94  10:10  Photon Cannon  
  94  10:16  Photon Cannon  
  87  10:44  Forge  
  83  11:01  Pylon  
  83  11:11  Cybernetics Core  
  83  11:19  Photon Cannon  
  83  11:21  Pylon  
  83  11:23  Photon Cannon  
  83  11:32  Photon Cannon  
  83  11:34  Photon Cannon  
  83  11:37  Pylon  
  83  11:41  Pylon  
  56  12:10  Void Ray  
  60  12:40  Photon Cannon  
  60  12:45  Photon Cannon, Pylon  
  60  13:07  Nexus  
  60  13:09  Pylon  
  60  13:11  Pylon  
  59  13:15  Assimilator  
  59  13:19  Assimilator  
  53  13:21  Pylon  
  53  13:27  Pylon  
  53  13:46  Gateway  
  53  13:50  Forge  
  53  13:59  Cybernetics Core  
  53  14:00  Pylon  
  53  14:02  Probe  
  54  14:30  Photon Cannon  
  54  14:33  Photon Cannon  
  54  14:37  Photon Cannon  
  54  14:39  Probe, Photon Cannon  
  54  14:44  Photon Cannon  
  53  14:48  Pylon  
Show
View Real Time Build Order
Export as new Build Order

УбийцаГероев Protoss 

Build Orders:  

Get SALT Encoding   

  12  0:01  Probe  
  13  0:19  Probe  
  13  0:20  Pylon  
  14  0:32  Probe  
  15  0:38  Gateway  
  15  0:43  Assimilator  
  15  0:47  Probe  
  16  0:55  Probe  
  16  1:03  Probe  
  18  1:25  Cybernetics Core  
  18  1:34  Pylon  
  18  1:51  Pylon  
  18  2:02  Stalker  
  20  2:13  Nexus, Probe  
  20  2:14  Assimilator  
  21  2:18  Warp Gate  
  21  2:21  Probe  
  21  2:29  Probe  
  22  2:35  Stalker  
  25  2:44  Probe  
  26  2:56  Probe  
  27  3:08  Probe  
  28  3:18  Pylon  
  28  3:20  Probe  
  28  3:26  Stalker  
  31  3:33  Probe  
  32  3:39  Gateway  
  32  3:43  Gateway  
  32  3:45  Probe  
  31  3:57  Probe  
  31  4:00  Probe  
  33  4:09  Probe  
  34  4:12  Probe  
  35  4:21  Stalker, Probe  
  38  4:34  Stalker  
  38  4:37  Stalker  
  42  4:44  Robotics Facility  
  42  4:45  Probe x2  
  44  4:57  Probe x2  
  44  4:58  Stalker x2  
  44  5:09  Probe x2  
  44  5:10  Stalker  
  48  5:17  Gateway  
  48  5:19  Gateway  
  48  5:21  Probe  
  48  5:22  Stalker x2  
  53  5:53  Pylon  
  53  5:55  Pylon  
  53  5:56  Pylon  
  53  5:58  Nexus  
  53  6:04  Immortal  
  53  6:12  Stalker x2  
  53  6:13  Stalker x3  
  67  6:26  Assimilator  
  67  6:30  Assimilator  
  67  6:39  Twilight Council  
  67  6:42  Stalker  
  67  6:43  Stalker x3  
  69  7:05  Stalker x2  
  71  7:21  Stalker  
  71  7:22  Stalker  
  71  7:30  Probe  
  71  7:34  Assimilator, Stalker x2  
  71  7:36  Warp Prism  
  76  7:38  Assimilator  
  76  7:42  Probe  
  79  7:48  Dark Shrine  
  79  7:55  Probe  
  78  8:07  Probe  
  79  8:17  Probe  
  80  8:25  Probe  
  80  8:33  Probe  
  81  8:35  Stalker  
  81  8:36  Stalker  
  81  8:37  Stalker  
  88  8:45  Probe  
  89  8:57  Probe  
  89  9:01  Dark Templar x4  
  92  9:15  Pylon  
  92  9:16  Pylon  
  92  9:18  Pylon  
  92  9:20  Pylon  
  76  9:46  Dark Templar x4  
  76  9:47  Dark Templar  
  60  10:27  Stalker x2  
  60  10:28  Stalker x3  
  68  10:41  Probe  
  65  10:53  Probe  
  60  10:59  Pylon  
  60  11:00  Pylon  
  60  11:02  Pylon  
  60  11:05  Probe  
  61  11:17  Dark Templar x4  
  61  11:18  Dark Templar  
  61  12:26  Gateway  
  61  12:27  Gateway  
  61  12:29  Gateway  
  44  12:33  Gateway x2  
  22  13:58  Nexus  
  22  14:16  Pylon  
  22  14:19  Pylon  
  22  14:22  Pylon  
  22  14:35  Dark Templar  
  22  14:37  Dark Templar  
  26  14:49  Pylon  
  26  14:51  Pylon  
  25  14:53  Pylon  
Tags
 
League
Diamond
Matchup
PvP
Spawn Locations
Cross Positions
Add a new tag
Caveats
  • Supply blocks, unpowered buildings, or Contaminate may cause inaccurate times.
  • Supply counts are checked every 10 seconds.